[Event "Early-Titled-Tuesday-Blitz-October-10-2023"]
[Site "Chess.com"]
[Date "2023.10.10"]
[Round "1"]
[White "sergiochess83"]
[Black "ExchangeAB"]
[Result "1-0"]
[WhiteElo "2894"]
[BlackElo "2496"]
[TimeControl "180+1"]
[EndTime "8:05:11 PDT"]
[Termination "sergiochess83 won by resignation"]

1. d4 d5 2. c4 c6 3. Nf3 Nf6 4. Nc3 dxc4 5. a4 Bf5 6. Ne5 Nbd7 7. Nxc4 Nb6 8. Ne5 a5 9. h4 h5 10. g3 Nfd7 11. e4 Nxe5 12. exf5 Ng4 13. Bh3 Nf6 14.
O-O Nbd5 15. Re1 Qd6 16. Qb3 Qb4 17. Qa2 O-O-O 18. Bg5 Kb8 19. Bg2 Qd6 20. Re5 Nb4 21.
Qb3 Nfd5 22. Nxd5 cxd5 23. Bf4 Ka8 24. Rxd5 Qb6 25. Rb5 Qa7 26. Rc1 1-0

[Event "Early-Titled-Tuesday-Blitz-October-10-2023"]
[Site "Chess.com"]
[Date "2023.10.10"]
[Round "1"]
[White "Alexander_Donchenko"]
[Black "WindWhistler11"]
[Result "1-0"]
[WhiteElo "2828"]
[BlackElo "2462"]
[TimeControl "180+1"]
[EndTime "8:05:11 PDT"]
[Termination "Alexander_Donchenko won by resignation"]

1. d4 Nf6 2. c4 e6 3. Nc3 c5 4. d5 exd5 5. cxd5 Bd6 6. Nf3 O-O 7. g3 Re8 8. Bg2 Bf8 9. O-O d6 10. h3 a6 11. a4 Nbd7 12. Nd2 Rb8 13. a5 b5 14. axb6 Nxb6 15. Qc2 Na8 16. Nc4 h6 17. Na5 Qc7 18. Rd1 g6 19. Nc6 Rb7 20. Rxa6 Rxb2 21.
Bxb2 Bxa6 22. Ra1 Bc4 23. e4 Nb6 24. Ra7 Qc8 25. Na4 Nxa4 26. Qxa4 Bd3 27. Bxf6 c4 28. Bc3 Bxe4 29. Bxe4 Rxe4 30. Kg2 Qf5 31. Qd1 h5 32. Qf3 1-0

[Event "Early-Titled-Tuesday-Blitz-October-10-2023"]
[Site "Chess.com"]
[Date "2023.10.10"]
[Round "1"]
[White "forevery0ung"]
[Black "Road2GM3000"]
[Result "1-0"]
[WhiteElo "2681"]
[BlackElo "2380"]
[TimeControl "180+1"]
[EndTime "8:05:11 PDT"]
[Termination "forevery0ung won by checkmate"]

1. c4 c6 2. Nf3 d5 3. g3 Nf6 4.
Bg2 Bg4 5. O-O e6 6. d3 Nbd7 7. cxd5 cxd5 8. h3 Bxf3 9. Bxf3 Be7 10. Nc3 O-O 11. e4 d4 12. Ne2 e5 13. Bg2 Rc8 14. f4 exf4 15. gxf4 Qb6 16. Ng3 Nc5 17. e5 Nfd7 18. Nf5 Rfe8 19. Qg4 Bf8 20. Rf3 Qg6 21. Bd2 Qxg4 22. hxg4 Ne6 23. Rf2 g6 24. Ng3 Nec5 25.
Bf1 Nb6 26. Re1 Nca4 27. Ne4 Be7 28. f5 Nxb2 29. e6 fxe6 30. f6 Kh8 31. fxe7 Rxe7 32. Bg5 Nxd3 33. Bxd3 Rec7 34. Ref1 Nd5 35. Bh6 Rg8 36.
Ng5 Ne3 37. Rf7 Rxf7 38. Nxf7# 1-0

[Event "Early-Titled-Tuesday-Blitz-October-10-2023"]
[Site "Chess.com"]
[Date "2023.10.10"]
[Round "1"]
[White "Arash_Tahbaz"]
[Black "zverr1"]
[Result "1-0"]
[WhiteElo "2933"]
[BlackElo "2504"]
[TimeControl "180+1"]
[EndTime "8:05:19 PDT"]
[Termination "Arash_Tahbaz won by resignation"]

1. Nf3 Nf6 2. g3 g6 3. Bg2 Bg7 4. O-O O-O 5. d3 d5 6. Nbd2 c6 7. e4 dxe4 8. dxe4 Bg4 9. h3 Bxf3 10. Qxf3 Nbd7 11. Qe2 a5 12. a4 Qb6 13. e5 Nd5 14. e6 Ne5 15. exf7+ Rxf7 16. Ne4 h6 17. c4 Qa6 18. b3 Nxc4 19. bxc4 Bxa1 20. Qa2 Nb4 21. Qxa1 Qxc4 22. Bxh6 Rd8 23. Qe5 Nd3 24. Qxa5 Rd4 25. Qa8+ Kh7 26. Ng5+ Kxh6 27. Nxf7+ Qxf7 28. Qh8+ Kg5 29. Qxd4 1-0

[Event "Early-Titled-Tuesday-Blitz-October-10-2023"]
[Site "Chess.com"]
[Date "2023.10.10"]
[Round "1"]
[White "Herman-NY"]
[Black "DonJuanEGenaro"]
[Result "1-0"]
[WhiteElo "2529"]
[BlackElo "1831"]
[TimeControl "180+1"]
[EndTime "8:05:19 PDT"]
[Termination "Herman-NY won by resignation"]

1. e4 c5 2. Nf3 Nc6 3. d4 cxd4 4. Nxd4 Nf6 5. Nc3 d6 6. Bc4 e6 7. Be3 a6 8. Qe2 Qc7 9. O-O-O b5 10. Bb3 Be7 11.
f3 Na5 12. Kb1 Bd7 13. g4 h6 14. h4 Nc4 15. Bc1 Rc8 16. g5 Ng8 17. g6 fxg6 18.
Qg2 b4 19. Qxg6+ Kd8 20. Na4 Bf6 21. Qf7 Ne7 22. Nxe6+ Bxe6 23. Qxe6 Na5 24. Rxd6+ 1-0

[Event "Early-Titled-Tuesday-Blitz-October-10-2023"]
[Site "Chess.com"]
[Date "2023.10.10"]
[Round "1"]
[White "RCone"]
[Black "K_A_S_T_O_R"]
[Result "0-1"]
[WhiteElo "2491"]
[BlackElo "2881"]
[TimeControl "180+1"]
[EndTime "8:05:20 PDT"]
[Termination "K_A_S_T_O_R won on time"]

1. e4 c5 2. Nc3 a6 3. g3 b5 4. Bg2 Bb7 5. d3 e6 6. f4 d6 7. Nf3 b4 8. Ne2 Nd7 9. O-O Be7 10. f5 exf5 11. exf5 Ngf6 12. Nf4 O-O 13. h3 d5 14. g4 h6 15. Re1 Bd6 16. Bd2 Qc7 17. Qc1 Rfe8 18. Rf1 Ne5 19. Nxe5 Bxe5 20. c3 a5 21. Qc2 Qb6 22. Kh1 d4 23. Rae1 dxc3 24. bxc3 Rad8 25. c4 Rd4 26. Ne2 Bxg2+ 27. Kxg2 Qc6+ 28. Kg1 Nxg4 29. hxg4 Rxg4+ 30. Ng3 Rxg3+ 0-1

[Event "Early-Titled-Tuesday-Blitz-October-10-2023"]
[Site "Chess.com"]
[Date "2023.10.10"]
[Round "1"]
[White "ljm509"]
[Black "jeetjain"]
[Result "0-1"]
[WhiteElo "2255"]
[BlackElo "2589"]
[TimeControl "180+1"]
[EndTime "8:05:20 PDT"]
[Termination "jeetjain won by resignation"]

1. e4 c6 2. d4 d5 3. exd5 cxd5 4. c4 Nf6 5. Nc3 g6 6. Bg5 Bg7 7. Bxf6 Bxf6 8. Nxd5 Bg7 9. Nf3 Nc6 10. h3 O-O 11.
Be2 e6 12. Nc3 Nxd4 13. O-O Nxe2+ 14. Qxe2 Qb6 15. Rac1 Bd7 16. Ne5 Rfd8 17. Nxd7 Rxd7 18. b3 Rad8 19. Rfd1 Rxd1+ 20. Nxd1 Bd4 21. Nc3 a6 22. Na4 Qc6 23. Rd1 e5 24. Nc3 Kg7 25. Nd5 Qc5 26. Qf3 f5 27. g4 Rf8 28. g5 b5 29.
Rc1 Rf7 30. cxb5 Qxc1+ 31. Kg2 Qxg5+ 32. Kh2 axb5 0-1

[Event "Early-Titled-Tuesday-Blitz-October-10-2023"]
[Site "Chess.com"]
[Date "2023.10.10"]
[Round "1"]
[White "j2806"]
[Black "ArmanGhevondyanchess"]
[Result "0-1"]
[WhiteElo "2149"]
[BlackElo "2557"]
[TimeControl "180+1"]
[EndTime "8:05:21 PDT"]
[Termination "ArmanGhevondyanchess won by resignation"]

1. e4 c5 2. Nf3 Nc6 3. d4 cxd4 4.
Nxd4 g6 5. Be3 Bg7 6. Nc3 Nf6 7. Qd2 O-O 8. O-O-O d5 9. Nxc6 bxc6 10. Bh6 Bxh6 11.
Qxh6 Rb8 12. Qe3 Qa5 13. f3 Be6 14. e5 Nd7 15. Rd4 Rb4 16. Rxb4 Qxb4 17. a3 Qb7 18. Bd3 Rb8 19. b3 c5 20. Na4 c4 21. Be2 cxb3 22. Qxb3 Qc6 23. Qc3 Qxa4 0-1

[Event "Early-Titled-Tuesday-Blitz-October-10-2023"]
[Site "Chess.com"]
[Date "2023.10.10"]
[Round "1"]
[White "themind1hunter"]
[Black "DonCiao"]
[Result "1-0"]
[WhiteElo "2541"]
[BlackElo "2054"]
[TimeControl "180+1"]
[EndTime "8:05:22 PDT"]
[Termination "themind1hunter won by resignation"]

1. e4 c5 2. Nf3 Nc6 3. Bb5 g6 4. Bxc6 dxc6 5. O-O Bg7 6. d3 Nf6 7. h3 Nd7 8. Nbd2 e5 9. Nc4 Qe7 10. a4 a5 11. Bg5 f6 12. Bd2 b6 13. Qc1 g5 14.
Ne3 Nf8 15. c3 Be6 16. d4 O-O-O 17. dxe5 fxe5 18. Nf5 Bxf5 19. Bxg5 Bf6 20. exf5 Rg8 21. Be3 Qg7 22. g3 h5 23. Kh1 h4 24. g4 e4 25.
Nd2 Qe7 26. Qc2 Rd3 27. Qb3 Rg7 28. Qxb6 Qb7 29. Qxb7+ Rxb7 30. Nxe4 Bd8 31. Nxc5 Rxb2 32. Nxd3 1-0

[Event "Early-Titled-Tuesday-Blitz-October-10-2023"]
[Site "Chess.com"]
[Date "2023.10.10"]
[Round "1"]
[White "DanielTitichoca"]
[Black "queen_iryna"]
[Result "1-0"]
[WhiteElo "2641"]
[BlackElo "2357"]
[TimeControl "180+1"]
[EndTime "8:05:25 PDT"]
[Termination "DanielTitichoca won by resignation"]

1. e4 d6 2. d4 Nf6 3. Nc3 g6 4. Bg5 Bg7 5. e5 dxe5 6. dxe5 Qxd1+ 7. Rxd1 Nfd7 8. f4 c6 9. Nf3 Nc5 10. Bh4 Bg4 11. Be2 Nbd7 12. O-O f6 13. exf6 exf6 14. Rfe1 O-O-O 15. b4 Ne6 16. Ne4 Nxf4 17. Nd6+ Kc7 18.
Nf7 Nxe2+ 19. Rxe2 Bxf3 20. gxf3 Ne5 21. Nxd8 Nxf3+ 22.
Kf2 Nxh4 23. Ne6+ Kb6 24. Nxg7 Nf5 25. Nxf5 1-0

[Event "Early-Titled-Tuesday-Blitz-October-10-2023"]
[Site "Chess.com"]
[Date "2023.10.10"]
[Round "1"]
[White "MagnusCarlsen"]
[Black "Zorbos"]
[Result "1-0"]
[WhiteElo "3278"]
[BlackElo "2524"]
[TimeControl "180+1"]
[EndTime "8:05:28 PDT"]
[Termination "MagnusCarlsen won by checkmate"]

1. e4 c5 2. Nf3 d6 3. Bb5+ Bd7 4. c4 Nf6 5. Nc3 a6 6. Bxd7+ Nbxd7 7. O-O g6 8. b3 Bg7 9. d4 cxd4 10. Nxd4 O-O 11. Bb2 Ne5 12. Qe2 Nc6 13. Nf3 Rb8 14. Rfd1 Qc7 15. Nd5 Nxd5 16. exd5 Ne5 17. Nxe5 Bxe5 18.
Bxe5 dxe5 19. Rac1 b6 20. b4 Rbc8 21. c5 bxc5 22.
bxc5 Qa5 23. c6 f6 24. h4 Rfd8 25. Qg4 f5 26. Qg5 Qc7 27. h5 Qd6 28. Rb1 Rc7 29. Rb7 Rxb7 30. cxb7 Rb8 31. hxg6 hxg6 32. Rc1 Rxb7 33. Rc6 Rb1+ 34. Kh2 Qxd5 35. Qxg6+ Kf8 36. Rc8+ Qd8 37. Rxd8# 1-0

[Event "Early-Titled-Tuesday-Blitz-October-10-2023"]
[Site "Chess.com"]
[Date "2023.10.10"]
[Round "1"]
[White "dosto07"]
[Black "Sanan_Sjugirov"]
[Result "0-1"]
[WhiteElo "2506"]
[BlackElo "2951"]
[TimeControl "180+1"]
[EndTime "8:05:28 PDT"]
[Termination "Sanan_Sjugirov won by resignation"]

1. e4 c5 2. Nf3 Nc6 3. Bb5 g6 4.
Bxc6 dxc6 5. d3 Bg7 6. h3 e5 7.
Nc3 Ne7 8. Be3 b6 9. Qd2 h6 10. a4 a5 11. Nh2 Be6 12. f4 exf4 13. Bxf4 g5 14. Bg3 f5 15. exf5 Nxf5 16. Bf2 O-O 17. O-O Qd7 18. Rae1 Rae8 19. Nf3 Bd5 20. Nxd5 cxd5 21.
d4 c4 22. Rxe8 Rxe8 23. Re1 Nd6 24. Ne5 Qf5 25. Bg3 Ne4 26. Qe3 Rf8 27. Kh2 h5 28. Nc6 Qf6 29. Na7 Qxd4 30. Qxd4 Bxd4 31. c3 h4 32. Bc7 Bf2 33. Re2 Rf7 34. Bd8 Bg3+ 35. Kg1 Rxa7 0-1

[Event "Early-Titled-Tuesday-Blitz-October-10-2023"]
[Site "Chess.com"]
[Date "2023.10.10"]
[Round "1"]
[White "arenal72"]
[Black "GianmarcoVaR"]
[Result "1-0"]
[WhiteElo "2407"]
[BlackElo "2677"]
[TimeControl "180+1"]
[EndTime "8:05:28 PDT"]
[Termination "arenal72 won by resignation"]

1. Nf3 Nf6 2. g3 d5 3. Bg2 c6 4. O-O Bf5 5. d3 e6 6. c4 Be7 7. Nc3 O-O 8. Be3 Nbd7 9. Qb3 dxc4 10. dxc4 Qc7 11. Nh4 Bg4 12. h3 Bh5 13. Rad1 Bc5 14. Bxc5 Nxc5 15. Qa3 Qe5 16. Nf3 Bxf3 17. Bxf3 Nfd7 18.
b4 Rfd8 19. bxc5 Qxc5 20. Qxc5 Nxc5 21. Ne4 Nxe4 22. Bxe4 Kf8 23. e3 Ke7 24. f4 Rac8 25. Kf2 Rh8 26. Ke2 Rc7 27. Rd2 h5 28. Rfd1 g6 29. a4 a5 30. c5 Ra8 31. Rb2 Ke8 32. Rxb7 1-0

[Event "Early-Titled-Tuesday-Blitz-October-10-2023"]
[Site "Chess.com"]
[Date "2023.10.10"]
[Round "1"]
[White "MdChess1734"]
[Black "RETURNOFTHELAGGER"]
[Result "0-1"]
[WhiteElo "2386"]
[BlackElo "2688"]
[TimeControl "180+1"]
[EndTime "8:05:28 PDT"]
[Termination "RETURNOFTHELAGGER won on time"]

1. e4 c5 2. Nf3 d6 3. d4 cxd4 4. Nxd4 Nf6 5. Nc3 a6 6. Bg5 Nbd7 7. f4 Qc7 8. Qf3 h6 9. Bxf6 Nxf6 10. f5 e5 11. fxe6 fxe6 12. O-O-O Be7 13. g4 O-O 14. Qg3 b5 15. Bg2 b4 16. Nce2 a5 17. Nf4 e5 18.
Nfe6 Qc4 19. Nxf8 Kxf8 20. b3 Qc5 21. g5 hxg5 22. Nf5 Bxf5 23. exf5 Rc8 24. Rd2 a4 0-1

[Event "Early-Titled-Tuesday-Blitz-October-10-2023"]
[Site "Chess.com"]
[Date "2023.10.10"]
[Round "1"]
[White "GodDMuhammad"]
[Black "Mikhail_Golubev"]
[Result "0-1"]
[WhiteElo "2303"]
[BlackElo "2612"]
[TimeControl "180+1"]
[EndTime "8:05:30 PDT"]
[Termination "Mikhail_Golubev won by resignation"]

1. e4 c5 2. d4 cxd4 3. c3 dxc3 4. Nxc3 Nc6 5. f4 e6 6. Nf3 Bc5 7. Bd3 Nge7 8. Qe2 O-O 9. Be3 Bxe3 10. Qxe3 d5 11.
e5 d4 12. Bxh7+ Kxh7 13. Ng5+ Kg6 14. Qe4+ Nf5 15. O-O-O f6 16. exf6 gxf6 17. Nxe6 Bxe6 18. Qxe6 Qe7 19. Qxe7 Ncxe7 20. Ne4 Rac8+ 21. Kb1 Nc6 22. g4 Ne3 23. Rdg1 Nb4 24. f5+ Kg7 25. h4 Rc2 26.
g5 Nd3 27. gxf6+ Kh8 28. Rc1 Rxc1+ 29. Rxc1 Nxc1 30. Kxc1 Nd5 0-1

[Event "Early-Titled-Tuesday-Blitz-October-10-2023"]
[Site "Chess.com"]
[Date "2023.10.10"]
[Round "1"]
[White "Lady_Nika"]
[Black "Sunny_Star"]
[Result "1-0"]
[WhiteElo "2546"]
[BlackElo "2079"]
[TimeControl "180+1"]
[EndTime "8:05:31 PDT"]
[Termination "Lady_Nika won on time"]

1. e4 c5 2. Nc3 Nc6 3. g3 e5 4.
Bg2 Nge7 5. d3 g6 6. Be3 d6 7. f4 Bg7 8. Nf3 Qb6 9. Rb1 Nd4 10. Ne2 Bg4 11. O-O Rd8 12. c3 Nxf3+ 13. Bxf3 Bxf3 14. Rxf3 d5 15. Qc2 exf4 16. Nxf4 dxe4 17. dxe4 Qc6 18. Rbf1 O-O 19. c4 Qb6 20. Nd5 Nxd5 21. cxd5 Qxb2 22. Qxb2 Bxb2 23. Bxc5 Rfe8 24. Rxf7 Rxe4 25. Rxb7 Bd4+ 26.
Bxd4 Rxd4 27. Rff7 R4xd5 28. Rg7+ Kf8 29. Rbf7+ Ke8 30. Rxa7 Rd1+ 31. Kg2 R1d2+ 32. Kh3 1-0

[Event "Early-Titled-Tuesday-Blitz-October-10-2023"]
[Site "Chess.com"]
[Date "2023.10.10"]
[Round "1"]
[White "nitpicker"]
[Black "DanyKopy"]
[Result "0-1"]
[WhiteElo "2258"]
[BlackElo "2591"]
[TimeControl "180+1"]
[EndTime "8:05:36 PDT"]
[Termination "DanyKopy won by resignation"]

1. d4 d5 2. c4 e6 3. Nf3 Nf6 4. g3 Be7 5. Bg2 O-O 6. O-O c6 7. Qc2 Nbd7 8. Rd1 b5 9. c5 Ne4 10. Ne5 Nxe5 11. Bxe4 Ng6 12. Bg2 e5 13. Be3 Be6 14.
Nd2 Qd7 15. h4 h5 16. Nf3 e4 17. Ng5 Bxg5 18. hxg5 Bh3 19. Kh2 Bxg2 20. Kxg2 Qg4 21. f3 exf3+ 22. exf3 Nh4+ 23. Kh2 Nxf3+ 24. Kg2 Rae8 25.
Bf4 Nh4+ 26. Kg1 Re2 27. Qd3 Rfe8 28. Rf1 Qh3 29. Rf2 Rxf2 30. Qh7+ 0-1

[Event "Early-Titled-Tuesday-Blitz-October-10-2023"]
[Site "Chess.com"]
[Date "2023.10.10"]
[Round "1"]
[White "CuteSheepCloud"]
[Black "Scott-fox21"]
[Result "1-0"]
[WhiteElo "2635"]
[BlackElo "2347"]
[TimeControl "180+1"]
[EndTime "8:05:40 PDT"]
[Termination "CuteSheepCloud won by resignation"]

1. e4 c5 2. Nf3 d6 3. d4 cxd4 4.
Nxd4 Nf6 5. Nc3 Nc6 6. f3 g6 7. Be3 Bg7 8. Qd2 O-O 9. O-O-O Bd7 10. h4 Qa5 11. g4 Rac8 12. h5 Ne5 13. hxg6 fxg6 14.
Kb1 Rxc3 15. Qxc3 Qxc3 16. bxc3 Nxf3 17. Nxf3 Nxe4 18. Bc4+ e6 19. Nd4 Nxc3+ 20. Kc1 Nxd1 21. Rxd1 d5 22. Bb3 Kh8 23. c4 e5 24. Nc2 d4 25. Bd2 Bxg4 26. Re1 Bf3 27. c5 e4 28. Bb4 Rc8 29. Bd5 Rc7 30. Bxe4 Bxe4 31. Rxe4 Bh6+ 32.
Kd1 d3 33. Ne1 Rd7 34. Bc3+ Kg8 35. Bd4 d2 36. Nf3 b6 37. c6 Rc7 38. Re6 Kf7 39. Rd6 Ke7 40. Be5 Bg7 41. Bh2 Rc8 42. Rd7+ Ke8 43. Rxg7 1-0

[Event "Early-Titled-Tuesday-Blitz-October-10-2023"]
[Site "Chess.com"]
[Date "2023.10.10"]
[Round "1"]
[White "juancruzarias"]
[Black "KatakuriDono"]
[Result "1-0"]
[WhiteElo "2631"]
[BlackElo "2330"]
[TimeControl "180+1"]
[EndTime "8:05:41 PDT"]
[Termination "juancruzarias won by resignation"]

1. e4 e5 2. Nf3 Nc6 3. Bc4 Nf6 4. d3 Be7 5. c3 O-O 6. Bb3 d5 7. Nbd2 dxe4 8. dxe4 a5 9. O-O Bg4 10. h3 Bh5 11. Re1 Re8 12. Ba4 Bd6 13. Qe2 h6 14. Qf1 Nh7 15. Bd1 Nf8 16. Nc4 Bc5 17. Ne3 Bg6 18. Qb5 Bb6 19. Bc2 Ne6 20. Nd5 Ne7 21.
Nxb6 cxb6 22. Be3 Nc5 23. Rad1 Qc7 24. Bxc5 bxc5 25. Rd7 Qb8 26. Rxb7 Qd6 27. Rd1 Qf6 28. Qxc5 Bh5 29. Rd6 Qf4 30. Qe3 Qxe3 31. fxe3 Rad8 32.
Rxd8 Rxd8 33. Rxe7 1-0

[Event "Early-Titled-Tuesday-Blitz-October-10-2023"]
[Site "Chess.com"]
[Date "2023.10.10"]
[Round "1"]
[White "slorovel"]
[Black "Denis_Makhnyov"]
[Result "0-1"]
[WhiteElo "2508"]
[BlackElo "2955"]
[TimeControl "180+1"]
[EndTime "8:05:43 PDT"]
[Termination "Denis_Makhnyov won by resignation"]

1. e4 e5 2. Nf3 Nc6 3. Bc4 Bc5 4. O-O Nf6 5. Re1 d6 6. c3 O-O 7. h3 Bb6 8. d3 h6 9. Nbd2 Re8 10. Nf1 Ne7 11. Ng3 c6 12. Bb3 Ng6 13. d4 Ba5 14. dxe5 dxe5 15. Qxd8 Rxd8 16. Be3 Bb6 17. Red1 Re8 18.
Bxb6 axb6 19. a3 Nf4 20. Bc2 Be6 21. Rd2 g6 22. Rad1 Bc4 23. Kh2 Kg7 24. Nf1 Be2 25.
Re1 Bxf3 26. gxf3 Rad8 27. Red1 Rxd2 28. Rxd2 Kf8 29. Ne3 b5 30. c4 Ne6 31. cxb5 Nd4 32. Nd5 cxd5 0-1

[Event "Early-Titled-Tuesday-Blitz-October-10-2023"]
[Site "Chess.com"]
[Date "2023.10.10"]
[Round "1"]
[White "toog"]
[Black "stratacticos"]
[Result "1-0"]
[WhiteElo "2529"]
[BlackElo "1786"]
[TimeControl "180+1"]
[EndTime "8:05:43 PDT"]
[Termination "toog won by resignation"]

1. c4 Nf6 2. g3 g6 3. Bg2 Bg7 4. Nf3 c6 5. O-O d5 6. cxd5 cxd5 7. d4 O-O 8. Nc3 Ne4 9. Bf4 Nxc3 10. bxc3 Nc6 11. Qa4 a6 12. c4 e6 13. cxd5 exd5 14.
Rac1 b5 15. Qd1 Na5 16. Ne5 Nc4 17. a4 Be6 18. Qb3 bxa4 19. Qxa4 Nxe5 20. Bxe5 Bxe5 21. dxe5 Qd7 22. Qxd7 Bxd7 23. Bxd5 Rab8 24. Rc7 Bb5 25. e6 fxe6 26. Bxe6+ Kh8 27. Rd1 Rbd8 28. Rxd8 Rxd8 29.
e3 h5 30. h3 Rd1+ 31. Kg2 Bf1+ 32. Kf3 Bxh3 33. Bxh3 1-0

[Event "Early-Titled-Tuesday-Blitz-October-10-2023"]
[Site "Chess.com"]
[Date "2023.10.10"]
[Round "1"]
[White "eljanov"]
[Black "Tonychess32"]
[Result "1-0"]
[WhiteElo "2907"]
[BlackElo "2502"]
[TimeControl "180+1"]
[EndTime "8:05:44 PDT"]
[Termination "eljanov won on time"]

1. e4 e6 2. d4 d5 3. e5 c5 4. c3 Nc6 5. Nf3 cxd4 6. cxd4 Nge7 7.
Nc3 Nf5 8. g4 Nh4 9. Nxh4 Qxh4 10. Be3 a6 11. Be2 Be7 12. O-O h5 13. gxh5 g6 14.
Kh1 gxh5 15. Rg1 Bd7 16. a3 O-O-O 17. b4 Rdg8 18. Rg3 Bg5 19. Qg1 Nxd4 20. Rxg5 Rxg5 21. Qxg5 Qxg5 22. Bxg5 Nxe2 23. Nxe2 d4 24. Nxd4 Rg8 25. h4 Ba4 26. Rc1+ Kb8 27. Kg2 1-0

[Event "Early-Titled-Tuesday-Blitz-October-10-2023"]
[Site "Chess.com"]
[Date "2023.10.10"]
[Round "1"]
[White "kuanysh1981"]
[Black "Bauman_Guy"]
[Result "1-0"]
[WhiteElo "2515"]
[BlackElo "2860"]
[TimeControl "180+1"]
[EndTime "8:05:44 PDT"]
[Termination "kuanysh1981 won by checkmate"]

1. d4 Nf6 2. Nf3 b6 3. g3 Bb7 4. Bg2 g6 5. O-O Bg7 6. c4 O-O 7. d5 e6 8. Nc3 a5 9. e4 Na6 10. h3 Nc5 11. Re1 exd5 12. cxd5 d6 13. Nd4 Re8 14. Bf4 Nxd5 15. Nxd5 Bxd5 16. exd5 Rxe1+ 17. Qxe1 Bxd4 18. Qd2 Qf6 19. Bg5 Bxf2+ 20. Kh2 Qd4 21.
Qe2 Qe5 22. Qg4 h5 23. Qh4 Be3 24. Bf6 Qf5 25. Rf1 Qd3 26. g4 Bd4 27. gxh5 Bxf6 28. Qxf6 gxh5 29. Qxf7+ Kh8 30. Qf6+ Kg8 31. Rf5 h4 32.
Rg5+ Kh7 33. Qg7# 1-0

[Event "Early-Titled-Tuesday-Blitz-October-10-2023"]
[Site "Chess.com"]
[Date "2023.10.10"]
[Round "1"]
[White "kacprekt"]
[Black "DrVelja"]
[Result "0-1"]
[WhiteElo "2471"]
[BlackElo "2841"]
[TimeControl "180+1"]
[EndTime "8:05:45 PDT"]
[Termination "DrVelja won by resignation"]

1. e4 c5 2. Nf3 Nc6 3. c3 Nf6 4. e5 Nd5 5. Bc4 Nb6 6. Bb3 d5 7. exd6 Qxd6 8. Na3 Bf5 9. d4 e6 10. Nb5 Qd7 11. Bf4 Rc8 12. dxc5 Bxc5 13. Qxd7+ Nxd7 14. Nd6+ Bxd6 15. Bxd6 Be4 16. Ke2 Na5 17. Nd2 Bc6 18.
Bc2 Bb5+ 19. Ke3 Nf6 20. Bb3 Rd8 21. Bf4 Nh5 22. Bc7 Rd3+ 23. Ke2 Rxc3+ 24. Bc4 Rxc4 25.
Nxc4 Bxc4+ 26. Ke3 Nc6 27. b3 Bd5 28. g4 Bxh1 0-1

[Event "Early-Titled-Tuesday-Blitz-October-10-2023"]
[Site "Chess.com"]
[Date "2023.10.10"]
[Round "1"]
[White "CFN_Good_Evening"]
[Black "FERNANDEZL1983"]
[Result "0-1"]
[WhiteElo "1627"]
[BlackElo "2527"]
[TimeControl "180+1"]
[EndTime "8:05:47 PDT"]
[Termination "FERNANDEZL1983 won by resignation"]

1. Nf3 d5 2. d4 Nf6 3. Nc3 e6 4. Bg5 Bb4 5. Nd2 c5 6. a3 Bxc3 7. bxc3 Nbd7 8. e4 h6 9. Bxf6 Nxf6 10. e5 Nd7 11. Bd3 O-O 12. O-O c4 13. Be2 Qa5 14. Nb1 f6 15. f4 Qb6 16. Kh1 Qb2 17.
Nd2 Qxc3 18. Nf3 Qe3 19. g3 b5 20. Nh4 fxe5 21. dxe5 d4 22. Bf3 Rb8 23. Re1 Qc3 24.
Rb1 Nc5 25. Ng6 Rd8 26. Kg2 Bb7 27. Bxb7 Rxb7 28. Qg4 Qxc2+ 29. Kh3 Qf5 30. Qxf5 exf5 31. e6 Re8 32. e7 Nd3 33. Re6 Kf7 34. Rd6 Nf2+ 35.
Kg2 Ne4 36. Rxd4 Kxg6 37. Rxc4 bxc4 38. Rxb7 c3 39. Rc7 Kf7 40. Kf3 Rxe7 41. Rc6 Rd7 0-1

[Event "Early-Titled-Tuesday-Blitz-October-10-2023"]
[Site "Chess.com"]
[Date "2023.10.10"]
[Round "1"]
[White "m_ezat"]
[Black "ContrVersia"]
[Result "0-1"]
[WhiteElo "2498"]
[BlackElo "2897"]
[TimeControl "180+1"]
[EndTime "8:05:48 PDT"]
[Termination "ContrVersia won by resignation"]

1. d4 Nf6 2. c4 e6 3. Nc3 Bb4 4. f3 c5 5. d5 exd5 6. cxd5 O-O 7. e4 d6 8. Bd3 Nh5 9. Ne2 f5 10.
O-O f4 11. a3 Ba5 12. b4 cxb4 13. axb4 Bxb4 14. Ba3 Bxa3 15. Rxa3 Nd7 16. Qa1 Ne5 17. Nb5 Bd7 18. Nbd4 a6 19. Qb2 b5 20. Rc1 Qb6 21. Kh1 Rfc8 22. Rac3 Rxc3 23. Rxc3 Rc8 24. Rxc8+ Bxc8 25. Qc3 Qc5 26. Bb1 Qxc3 27. Nxc3 Bd7 28. Kg1 Kf7 29. Kf2 b4 30. Nd1 g5 31. Nb2 Kf6 32. Nd3 a5 33. Nxe5 dxe5 34. Nb3 a4 35. Nc5 Ke7 36.
Bd3 Nf6 37. Ke2 a3 38. Kd2 Kd6 39. Nb3 Ba4 40. Bc4 Bxb3 41. Bxb3 Kc5 42. Kc2 h5 43. Ba4 g4 44. Kd3 h4 45. h3 gxf3 46. gxf3 a2 0-1

[Event "Early-Titled-Tuesday-Blitz-October-10-2023"]
[Site "Chess.com"]
[Date "2023.10.10"]
[Round "1"]
[White "whiteglovethief"]
[Black "Dewarfd"]
[Result "1-0"]
[WhiteElo "2546"]
[BlackElo "2066"]
[TimeControl "180+1"]
[EndTime "8:05:48 PDT"]
[Termination "whiteglovethief won by resignation"]

1. d4 Nf6 2. c4 e6 3. Nf3 d5 4. g3 c5 5. cxd5 Nxd5 6. Bg2 Nc6 7.
O-O Be7 8. a3 O-O 9. dxc5 Bxc5 10.
b4 Be7 11. Bb2 Bf6 12. Bxf6 Nxf6 13. Nc3 a6 14. Na4 Rb8 15. Qc2 Bd7 16. Rfd1 Qe7 17. Nb6 Rfd8 18. Rac1 Be8 19. e3 Rxd1+ 20. Rxd1 Rd8 21.
Ng5 Rxd1+ 22. Qxd1 Qd8 23. Qxd8 Nxd8 24. Ne4 Nxe4 25. Bxe4 Bc6 26. Bxc6 Nxc6 27. Nd7 f6 28. Nc5 Nd8 29. Kf1 Kf8 30. Ke2 Ke7 31. Kd3 Kd6 32. Kc4 f5 33. f4 e5 34. a4 h6 35.
a5 g5 36. fxg5 hxg5 37. h4 f4 38. exf4 exf4 39. hxg5 fxg3 40. Ne4+ Ke5 41. Nxg3 Kf4 42. g6 Ne6 43. Nh5+ Kg5 44. g7 Nxg7 45. Nxg7 Kf6 46.
Kc5 Kxg7 47. Kb6 Kf7 48. Kxb7 Ke7 49. Kxa6 1-0

[Event "Early-Titled-Tuesday-Blitz-October-10-2023"]
[Site "Chess.com"]
[Date "2023.10.10"]
[Round "1"]
[White "dropstoneDP"]
[Black "Grossboss19"]
[Result "1/2-1/2"]
[WhiteElo "3058"]
[BlackElo "2524"]
[TimeControl "180+1"]
[EndTime "8:05:49 PDT"]
[Termination "Game drawn by repetition"]

1. Nf3 d5 2. d4 c6 3. c4 e6 4.
Bg5 Nf6 5. e3 h6 6. Bh4 Nbd7 7.
Nc3 Be7 8. Bd3 O-O 9. O-O b6 10. cxd5 exd5 11. Rc1 Bb7 12. Qc2 Rc8 13. e4 dxe4 14.
Nxe4 Nxe4 15. Bxe7 Qxe7 16. Bxe4 Nf6 17. Bf5 Rc7 18. Rfe1 Qd6 19. h3 Rd8 20. Qe2 c5 21. dxc5 Rxc5 22. Rcd1 Rd5 23. Rxd5 Qxd5 24. Qe7 Bc6 25. Re5 Qd1+ 26. Re1 Qd5 27. Bc2 Re8 28. Qxa7 Rxe1+ 29. Nxe1 Qe5 30. Nf3 Bxf3 31. gxf3 Qg5+ 32. Kh2 Qf4+ 33. Kg2 Qg5+ 34. Kh2 Qf4+ 35. Kg2 Qg5+ 36. Kh2 1/2-1/2

[Event "Early-Titled-Tuesday-Blitz-October-10-2023"]
[Site "Chess.com"]
[Date "2023.10.10"]
[Round "1"]
[White "FairChess_on_YouTube"]
[Black "DeArron_Fox"]
[Result "1-0"]
[WhiteElo "3049"]
[BlackElo "2514"]
[TimeControl "180+1"]
[EndTime "8:05:50 PDT"]
[Termination "FairChess_on_YouTube won on time"]

1. d4 d5 2. c4 e6 3. Nc3 Nf6 4. cxd5 exd5 5. Bg5 c6 6. e3 Be7 7. Bd3 Nbd7 8. Nge2 Nh5 9. Bxe7 Qxe7 10. O-O O-O 11.
Qb1 g6 12. b4 a6 13. a4 Nb6 14. b5 cxb5 15. axb5 a5 16. Rc1 Be6 17. Na4 Nxa4 18.
Rxa4 Nf6 19. b6 Qd6 20. Rc5 Nd7 21. Rcxa5 Rxa5 22. Rxa5 Nxb6 23. Rb5 Nc4 24. Rxb7 Rc8 25. h3 Qa3 26. Rb8 Rxb8 27. Qxb8+ Kg7 28. Nf4 Qe7 29. Bxc4 dxc4 30. Qe5+ Kg8 31. d5 1-0